 Dungeon Crawl Stone Soup version 0.32-a0-685-g93135e86f0 (webtiles) character file.

Game seed: 3087619380375120631

77 mopl the Insei (level 4, -1/29 HPs)
             Began as an Octopode Shapeshifter on Mar 12, 2024.
             Slain by Grinder (6 damage)
             ... on level 3 of the Dungeon.
             The game lasted 00:01:40 (1533 turns).

mopl the Insei (Octopode Shapeshifter)              Turns: 1533, Time: 00:01:42

Health: -1/29      AC:  1    Str: 13    XL:     4   Next: 33%
Magic:  4/4        EV: 13    Int: 12    God:
Gold:   143        SH:  0    Dex: 13    Spells: 3/3 levels left

rFire   . .          .
                       - Unarmed
rCold   . . .        (no shield)
rNeg    . . .        (helmet currently unavailable)
rPois   .            (no amulet)
rElec   .            e - ring of resist corrosion
rCorr   +            (no ring)
SInv    .            (no ring)
Will    .....        (no ring)
Stlth   ++           (no ring)
HPRegen 0.24/turn    (no ring)
MPRegen 0.09/turn    (no ring)
                     (no ring)

%: no passive effects
@: beast-form
A: beast (slay +2), almost no armour, amphibious, 8 rings, camouflage 1,
gelatinous body 1, (nimble swimmer 1), tentacles
a: Begin Untransformation


You were on level 3 of the Dungeon.
You were a hulking beast.
You visited 1 branch of the dungeon, and saw 3 of its levels.

You collected 143 gold pieces.

Inventory:

Armour
 k - a +0 kite shield
Jewellery
 e - a ring of resist corrosion (left tentacle)
Talismans
 b - a beast talisman (active)
 c - a flux talisman
Scrolls
 d - a scroll of amnesia {unknown}
 f - a scroll of fog {unknown}
 i - 2 scrolls of identify {unknown}
 j - a scroll of teleportation {unknown}
 m - a scroll of revelation {unknown}
Potions
 a - a potion of lignification {!q}
 g - a potion of haste {unknown}
 h - a potion of attraction {unknown}
 l - a potion of ambrosia {unknown}
 n - a potion of cancellation {unknown}


   Skills:
 + Level 1.7 Fighting
 + Level 2.4 Dodging
 * Level 3.8 Unarmed Combat
 * Level 3.6 Shapeshifting


You had 3 spell levels left.
You didn't know any spells.
Your spell library contained the following spells:

 Spells                   Type           Power      Damage    Failure   Level
 Ensorcelled Hibernation  Hex/Ice        0%         N/A       45%         2
 Passwall                 Erth           0%         N/A       69%         3
 Swiftness                Air            0%         N/A       69%         3
 Alistair's Intoxication  Alch           0%         N/A       100%        5
 Borgnjor's Vile Clutch   Necr/Erth      0%         N/A       100%        5
 Eringya's Noxious Bog    Alch           0%         4d6       100%        6


Dungeon Overview and Level Annotations

Branches:
Dungeon (3/15)

Altars:

Shops:
D:1 =

Annotations:
D:3 Grinder


Innate Abilities, Weirdness & Mutations

You are a hulking beast.
Your limbs bulge with bestial killing power. (Slay +2)
You cannot wear most types of armour.
You are amphibious.
You can wear up to eight rings at the same time.
Your skin changes colour to match your surroundings (Stealth+).
Your rubbery body absorbs attacks. (AC +1, EV +1)
((You are camouflaged when in or above water. (Stealth+)))
You have tentacles for arms and can constrict up to eight enemies at once.


Message History

You kill the kobold!
No target in view!
There is a stone staircase leading down here.
You see here a +0 short sword.
Found a stone staircase leading up.
There is a stone staircase leading down here.
An endoplasm comes into view.
There is a stone staircase leading up here.
The endoplasm quivers.
You bludgeon the endoplasm!
You kill the endoplasm!
No target in view!
You now have 143 gold pieces (gained 16).
Key pressed, stopping explore.
There is an escape hatch in the floor here.
Done exploring.
What level of the Dungeon? (default 2, ? - help)
There is a stone staircase leading down here.
You climb downwards.
Found a scroll labelled KOAC EGONING and a spear.
There is a stone staircase leading up here.
Grinder is nearby!
Grinder shouts!
Grinder gestures at you.
You suddenly lose the ability to move!
Grinder hits you.
You writhe in agony.
Grinder hits you!
You writhe in agony.
* * * LOW HITPOINT WARNING * * *
You can move again.
Unknown command.
Unknown command.
Unknown command.
You completely miss Grinder. Your grab misses Grinder.
Grinder blinks!
You bludgeon Grinder! You grab Grinder.
Grinder is moderately wounded.
You constrict Grinder. Grinder hits you.
* * * LOW HITPOINT WARNING * * *
You writhe in agony.
You die...
Grinder says, "Now the real fun starts!"

##### #.#...##
##.#....#
##..#....#
##........#
#.........#####
......ยง........
.......h...#
.......5?..#
#.......<..#
##........)#
##.#.#.#..#
#........#
#.#.#.#..#
#........#
#.#.#.#..#


You could see Grinder.

Vanquished Creatures
  A gnoll (D:1)
  An adder (D:2)
  A ribbon worm (D:2)
  3 endoplasms
  3 giant cockroaches
  5 goblins
  2 hobgoblins (D:1)
  9 jackals
  8 kobolds
  5 quokkas (D:1)
  2 ball pythons
  3 frilled lizards (D:1)
  7 rats
50 creatures vanquished.

Notes
Turn   | Place    | Note
-------+----------+-------------------------------------------
     0 | D:1      | mopl the Octopode Shapeshifter began the quest for the Orb.
     0 | D:1      | Reached XP level 1. HP: 13/13 MP: 1/1
    31 | D:1      | Reached XP level 2. HP: 5/18 MP: 2/2
   292 | D:1      | Reached XP level 3. HP: 23/23 MP: 3/3
   470 | D:1      | Found a faded altar of an unknown god.
   672 | D:1      | Found Gueschiku's Jewellery Emporium.
  1134 | D:2      | Reached XP level 4. HP: 26/29 MP: 4/4
  1526 | D:3      | Noticed Grinder
  1528 | D:3      | Paralysed by Grinder for 3 turns
  1533 | D:3      | Slain by Grinder

Illustrated notes

Levels and vault maps discovered:
D:1:      lightli_arrival_flooded_house, layout_basic,
          shapermc_ecumenical_altar_petra, serial_shops, shop, roderic_lattice_a
D:2:      layout_loops_ring
D:3:      layout_rooms, mainiacjoe_overflow_alcove_1, lemuel_doored_altar,
          serial_co_window_serial, co_window_of_opportunity_a,
          co_window_paths_a, co_window_paths_a, co_window_corner_a,
          co_window_paths_b, co_window_cross_2, co_window_broadway_a,
          co_window_of_opportunity_b, co_window_broadway_c, co_window_corner_b,
          co_window_unsneaky_path_c, co_window_4corner_a, glass_columns_a,
          glass_columns_b, glass_columns_c, glass_columns_a, serial_shops, shop,
          uniq_ijyb, uniq_grinder

Action                     |  1- 3 |  4- 6 || total
---------------------------+-------+-------++-------
  Melee: Unarmed           |    69 |    13 ||    82
         Tentacles         |    14 |     3 ||    17
         Constrict         |    21 |     3 ||    24
         Punch             |     4 |     2 ||     6
   Stab: Sleeping          |     4 |     1 ||     5
 Armour: Skin              |    24 |     5 ||    29
  Dodge: Dodged            |    41 |     6 ||    47

Table legend: (Time is in decaauts)
 A = Elapsed time spent in this place.
 B = Non-inter-level travel time spent in this place.
 C = Inter-level travel time spent in this place.
 D = Time resting spent in this place.
 E = Time spent auto-exploring this place.
 F = Levels seen in this place.
 G = Mean time per level.
                   A        B        C        D        E       F      G
               +--------+--------+--------+--------+--------+-----+--------+
         Total |   1527 |   1479 |     48 |     56 |   1165 |   3 |  509.0 |
       Dungeon |   1527 |   1479 |     48 |     56 |   1165 |   3 |  509.0 |
               +--------+--------+--------+--------+--------+-----+--------+

Top non-repeatable levels by time:
     D:1: 940 daAuts
     D:2: 580 daAuts
     D:3: 6 daAuts
